| TOP OF THE 1ST |
|
Aberdeen Ironbirds batting - Pitching for Los Angeles (NYP) Angels : RHP Ju-wei Long
|
|
Pitching: RHP Ju-wei Long
|
|
|
Batting: RHB Kevin Popowicz
|
0-0: Ball 1-0: Foul Ball, location: 2F 1-1: Foul Ball, location: 2F 1-2: Ground out 5-3 (Groundball, 56S, EV 61.9 MPH)
|
|
Batting: RHB Maup Gommers
|
0-0: Ball 1-0: Ball 2-0: Ball 3-0: Called Strike 3-1: Base on Balls
|
|
Batting: LHB Sam Williams
|
0-0: Fly out, F8 (Line Drive, 89M, EV 89.4 MPH)
|
|
Batting: RHB Jonathan Mendoza
|
0-0: Swinging Strike 0-1: Ball 1-1: Ball 2-1: Foul Ball, location: 2F 2-2: Ball 3-2: Strikes out swinging
|
| Top of the 1st over - 0 runs, 0 hits, 0 errors, 1 left on base; Aberdeen 0 - Los Angeles (NYP) 0 |
| BOTTOM OF THE 1ST |
|
Los Angeles (NYP) Angels batting - Pitching for Aberdeen Ironbirds : RHP Steve Webb
|
|
Pitching: RHP Steve Webb
|
|
|
Batting: RHB Dan Myers
|
0-0: Foul Ball, location: 2F 0-1: Called Strike 0-2: Ball 1-2: Strikes out looking
|
|
Batting: RHB Rory Cobb
|
0-0: Called Strike 0-1: SINGLE (Line Drive, 8RS, EV 104.4 MPH)
|
|
Batting: RHB Kyle Gray
|
0-0: Called Strike 0-1: Ball 1-1: Foul Ball, location: 2F 1-2: Ball 2-2: Ball 3-2: SINGLE (Groundball, 34D, EV 106.2 MPH) Rory Cobb to second Runner from 2nd tries for 3rd, SAFE, throw by RF made to third
|
|
Batting: SHB Danny Gelinas
|
0-0: Ball 1-0: Ball 2-0: Fly out, F8 (Flyball, 8LXD, EV 81.2 MPH) Runner from 3rd tags up, SCORES, no throw by CF
|
|
Batting: RHB Dan Burkhart
|
0-0: Ball 1-0: Fielders Choice at 2nd, 6-4 (Groundball, 6MD, EV 76.9 MPH)
|
| Bottom of the 1st over - 1 run, 2 hits, 0 errors, 1 left on base; Aberdeen 0 - Los Angeles (NYP) 1 |
| TOP OF THE 2ND |
|
Aberdeen Ironbirds batting - Pitching for Los Angeles (NYP) Angels : RHP Ju-wei Long
|
|
Batting: LHB Vinny Rivera
|
0-0: Called Strike 0-1: Ball 1-1: Ball 2-1: Ground out 5-3 (Groundball, 5, EV 96.2 MPH)
|
|
Batting: SHB Carlos Carrillo
|
0-0: Foul Ball, location: 2F 0-1: Foul Ball, location: 2F 0-2: Ball 1-2: Ball 2-2: SINGLE (Groundball, 4MD, EV 100.0 MPH)
|
|
Batting: LHB Pat Fontana
|
0-0: Ball 1-0: Ball 2-0: Swinging Strike 2-1: Swinging Strike 2-2: Ball 3-2: Fielders Choice at 2nd, 6-4 (Groundball, 6M, EV 94.4 MPH)
|
|
Batting: RHB Fernando Bravo
|
0-0: Called Strike 0-1: Ball 1-1: Foul Ball, location: 2F 1-2: Foul Ball, location: 2F 1-2: Foul Ball, location: 2F 1-2: 2-RUN HOME RUN (Flyball, 7D, EV 105.0 MPH), Distance : 388 ft
|
|
Batting: RHB Matt Berrier
|
0-0: Ground out 6-3 (Groundball, 6, EV 87.5 MPH)
|
| Top of the 2nd over - 2 runs, 2 hits, 0 errors, 0 left on base; Aberdeen 2 - Los Angeles (NYP) 1 |
| BOTTOM OF THE 2ND |
|
Los Angeles (NYP) Angels batting - Pitching for Aberdeen Ironbirds : RHP Steve Webb
|
|
Batting: LHB Spencer Palmer
|
0-0: Ball 1-0: Called Strike 1-1: Ball 2-1: Foul Ball, location: 2F 2-2: Strikes out swinging
|
|
Batting: RHB David Rhodes
|
0-0: Ball 1-0: Ball 2-0: Ball 3-0: Base on Balls
|
|
Batting: LHB Alberto Carrillo
|
0-0: Called Strike 0-1: Foul Ball, location: 2F 0-2: Foul Ball, location: 2F 0-2: Ball 1-2: Strikes out swinging
|
|
Batting: RHB Ron Major
|
0-0: Called Strike 0-1: Ball 1-1: Ball 2-1: SINGLE (Groundball, 34D, EV 110.0 MPH) David Rhodes to second Runner from 2nd tries for 3rd, SAFE, throw by RF made to third
|
|
Batting: RHB Dan Myers
|
0-0: Foul Ball, location: 2F 0-1: Swinging Strike 0-2: Ball 1-2: Foul Ball, location: 2F 1-2: Strikes out looking
|
| Bottom of the 2nd over - 0 runs, 1 hit, 0 errors, 2 left on base; Aberdeen 2 - Los Angeles (NYP) 1 |
| TOP OF THE 3RD |
|
Aberdeen Ironbirds batting - Pitching for Los Angeles (NYP) Angels : RHP Ju-wei Long
|
|
Batting: RHB Kevin Popowicz
|
0-0: Called Strike 0-1: Ground out 4-3 (Groundball, 34, EV 96.2 MPH)
|
|
Batting: RHB Maup Gommers
|
0-0: Ball 1-0: Ball 2-0: Ball 3-0: Base on Balls
|
|
Batting: LHB Sam Williams
|
0-0: Ball 1-0: Foul Ball, location: 2F 1-1: Called Strike 1-2: Strikes out looking
|
|
Batting: RHB Jonathan Mendoza
|
0-0: Ball 1-0: Ball 2-0: Fly out, F7 (Flyball, 7, EV 90.0 MPH)
|
| Top of the 3rd over - 0 runs, 0 hits, 0 errors, 1 left on base; Aberdeen 2 - Los Angeles (NYP) 1 |
| BOTTOM OF THE 3RD |
|
Los Angeles (NYP) Angels batting - Pitching for Aberdeen Ironbirds : RHP Steve Webb
|
|
Batting: RHB Rory Cobb
|
0-0: Ball 1-0: Ground out 1-3 (Groundball, 34S, EV 62.5 MPH)
|
|
Batting: RHB Kyle Gray
|
0-0: Ball 1-0: Called Strike 1-1: Foul Ball, location: 2F 1-2: Strikes out swinging
|
|
Batting: SHB Danny Gelinas
|
0-0: Called Strike 0-1: Ball 1-1: Ground out 4-3 (Groundball, 4, EV 81.9 MPH)
|
| Bottom of the 3rd over - 0 runs, 0 hits, 0 errors, 0 left on base; Aberdeen 2 - Los Angeles (NYP) 1 |
| TOP OF THE 4TH |
|
Aberdeen Ironbirds batting - Pitching for Los Angeles (NYP) Angels : RHP Ju-wei Long
|
|
Batting: LHB Vinny Rivera
|
0-0: Called Strike 0-1: Fly out, F6 (Popup, 56, EV 62.5 MPH)
|
|
Batting: SHB Carlos Carrillo
|
0-0: Called Strike 0-1: Ball 1-1: Foul Ball, location: 2F 1-2: Ball 2-2: Foul Ball, location: 2F 2-2: SINGLE (Flyball, 56D, EV 90.0 MPH)
|
|
Batting: LHB Pat Fontana
|
0-0: Ball 1-0: Ball 2-0: SINGLE (Line Drive, 4D, EV 105.6 MPH) Carlos Carrillo to second
|
|
Batting: RHB Fernando Bravo
|
0-0: Ball 1-0: Foul Ball, location: 2F 1-1: Ball 2-1: Ball 3-1: Base on Balls Carlos Carrillo to third Pat Fontana to second
|
|
Batting: RHB Matt Berrier
|
0-0: Ball 1-0: Ball 2-0: Called Strike 2-1: Fly out, F4 (Popup, 4D, EV 55.6 MPH)
|
|
Batting: RHB Kevin Popowicz
|
0-0: Ball Wild Pitch! Carlos Carrillo scores Pat Fontana to third Fernando Bravo to second 1-0: Ground out 1-3 (Groundball, 13S, EV 69.4 MPH)
|
| Top of the 4th over - 1 run, 2 hits, 0 errors, 2 left on base; Aberdeen 3 - Los Angeles (NYP) 1 |
| BOTTOM OF THE 4TH |
|
Los Angeles (NYP) Angels batting - Pitching for Aberdeen Ironbirds : RHP Steve Webb
|
|
Batting: RHB Dan Burkhart
|
0-0: Ball 1-0: Ball 2-0: Ball 3-0: Called Strike 3-1: Foul Ball, location: 2F 3-2: Base on Balls
|
|
Batting: LHB Spencer Palmer
|
0-0: Called Strike 0-1: Foul Ball, location: 2F 0-2: Foul Ball, location: 2F 0-2: Foul Ball, location: 2F 0-2: Ball 1-2: Strikes out looking Dan Burkhart steals 2nd base Batter strikes out.
|
|
Batting: RHB David Rhodes
|
0-0: Called Strike 0-1: Foul Ball, location: 2F 0-2: Ball 1-2: Strikes out swinging
|
|
Batting: LHB Alberto Carrillo
|
0-0: Ball 1-0: Ball 2-0: Ground out 4-3 (Groundball, 34, EV 97.5 MPH)
|
| Bottom of the 4th over - 0 runs, 0 hits, 0 errors, 1 left on base; Aberdeen 3 - Los Angeles (NYP) 1 |
| TOP OF THE 5TH |
|
Aberdeen Ironbirds batting - Pitching for Los Angeles (NYP) Angels : RHP Ju-wei Long
|
|
Batting: RHB Maup Gommers
|
0-0: Ball 1-0: Ball 2-0: Called Strike 2-1: Foul Ball, location: 2F 2-2: Fly out, F9 (Flyball, 9D, EV 91.2 MPH)
|
|
Batting: LHB Sam Williams
|
0-0: Ball 1-0: Fly out, F8 (Flyball, 78M, EV 96.9 MPH)
|
|
Pitching: RHP Jamie Snyder
|
|
|
Batting: RHB Jonathan Mendoza
|
0-0: Called Strike 0-1: Called Strike 0-2: Foul Ball, location: 2F 0-2: Strikes out swinging
|
| Top of the 5th over - 0 runs, 0 hits, 0 errors, 0 left on base; Aberdeen 3 - Los Angeles (NYP) 1 |
| BOTTOM OF THE 5TH |
|
Los Angeles (NYP) Angels batting - Pitching for Aberdeen Ironbirds : RHP Steve Webb
|
|
Batting: RHB Ron Major
|
0-0: Swinging Strike 0-1: Ball 1-1: Ball 2-1: Foul Ball, location: 2F 2-2: Ball 3-2: Strikes out looking
|
|
Batting: RHB Dan Myers
|
0-0: Called Strike 0-1: Swinging Strike 0-2: Ball 1-2: Ball 2-2: Strikes out looking
|
|
Batting: RHB Rory Cobb
|
0-0: Ball 1-0: Ball 2-0: Ball 3-0: Swinging Strike 3-1: Swinging Strike 3-2: Strikes out swinging
|
| Bottom of the 5th over - 0 runs, 0 hits, 0 errors, 0 left on base; Aberdeen 3 - Los Angeles (NYP) 1 |
| TOP OF THE 6TH |
|
Aberdeen Ironbirds batting - Pitching for Los Angeles (NYP) Angels : RHP Jamie Snyder
|
|
Batting: LHB Vinny Rivera
|
0-0: Called Strike 0-1: Fly out, F8 (Flyball, 8LD, EV 107.5 MPH)
|
|
Batting: SHB Carlos Carrillo
|
0-0: Ball 1-0: Swinging Strike 1-1: Foul Ball, location: 2F 1-2: Ball 2-2: DOUBLE (Groundball, 5L, EV 109.4 MPH)
|
|
Batting: LHB Pat Fontana
|
0-0: Ball 1-0: Ball 2-0: Ball 3-0: Base on Balls
|
|
Batting: RHB Fernando Bravo
|
0-0: Ball 1-0: Ball 2-0: SINGLE (Groundball, 56D, EV 97.5 MPH) (infield hit) Carlos Carrillo to third Pat Fontana to second
|
|
Batting: RHB Matt Berrier
|
0-0: Called Strike 0-1: Called Strike 0-2: Ball 1-2: Ball 2-2: Ball 3-2: Strikes out swinging
|
|
Batting: RHB Kevin Popowicz
|
0-0: Called Strike 0-1: Foul Ball, location: 2F 0-2: Fielders Choice at 2nd, 5-4 (Groundball, 5, EV 88.8 MPH)
|
| Top of the 6th over - 0 runs, 2 hits, 0 errors, 3 left on base; Aberdeen 3 - Los Angeles (NYP) 1 |
| BOTTOM OF THE 6TH |
|
Los Angeles (NYP) Angels batting - Pitching for Aberdeen Ironbirds : RHP Steve Webb
|
|
Batting: RHB Kyle Gray
|
0-0: Foul Ball, location: 2F 0-1: Ball 1-1: Ground out 2-3 (Groundball, 13S, EV 74.4 MPH)
|
|
Batting: SHB Danny Gelinas
|
0-0: Called Strike 0-1: Swinging Strike 0-2: Strikes out looking
|
|
Batting: RHB Dan Burkhart
|
0-0: Foul Ball, location: 2F 0-1: Ball 1-1: Ground out 5-3 (Groundball, 56S, EV 70.0 MPH)
|
| Bottom of the 6th over - 0 runs, 0 hits, 0 errors, 0 left on base; Aberdeen 3 - Los Angeles (NYP) 1 |
| TOP OF THE 7TH |
|
Aberdeen Ironbirds batting - Pitching for Los Angeles (NYP) Angels : RHP Jamie Snyder
|
|
Batting: RHB Maup Gommers
|
0-0: Foul Ball, location: 2F 0-1: Ball 1-1: Ground out U3 (Groundball, 34, EV 98.8 MPH)
|
|
Batting: LHB Sam Williams
|
0-0: Ball 1-0: Foul Ball, location: 2F 1-1: Swinging Strike 1-2: Strikes out swinging, 2-3 out at first.
|
|
Batting: RHB Jonathan Mendoza
|
0-0: Ball 1-0: Ground out 2-3 (Groundball, 15S, EV 63.1 MPH)
|
| Top of the 7th over - 0 runs, 0 hits, 0 errors, 0 left on base; Aberdeen 3 - Los Angeles (NYP) 1 |
| BOTTOM OF THE 7TH |
|
Los Angeles (NYP) Angels batting - Pitching for Aberdeen Ironbirds : RHP Steve Webb
|
|
Pitching: RHP Joe Underhill
|
|
|
Now in RF: Jeremy Nuzzo
|
|
|
Batting: LHB Spencer Palmer
|
0-0: Called Strike 0-1: Called Strike 0-2: Strikes out swinging
|
|
Batting: RHB David Rhodes
|
0-0: Swinging Strike 0-1: Called Strike 0-2: Ground out 5-3 (Groundball, 56, EV 89.4 MPH)
|
|
Batting: LHB Alberto Carrillo
|
0-0: Ball 1-0: Ball 2-0: Ball 3-0: Called Strike 3-1: Called Strike 3-2: Fly out, F2 (Popup, 15S, EV 88.8 MPH)
|
| Bottom of the 7th over - 0 runs, 0 hits, 0 errors, 0 left on base; Aberdeen 3 - Los Angeles (NYP) 1 |
| TOP OF THE 8TH |
|
Aberdeen Ironbirds batting - Pitching for Los Angeles (NYP) Angels : RHP Jamie Snyder
|
|
Pitching: LHP Yee Koh
|
|
|
Batting: LHB Vinny Rivera
|
0-0: Called Strike 0-1: Ball 1-1: Ball 2-1: SINGLE (Groundball, 4M, EV 105.0 MPH) (infield hit)
|
|
Batting: SHB Carlos Carrillo
|
0-0: Called Strike Vinny Rivera is caught stealing 2nd base 2-4 0-1: Ground out 6-3 (Groundball, 6M, EV 103.1 MPH)
|
|
Batting: LHB Pat Fontana
|
0-0: Ball 1-0: Ball 2-0: Ball 3-0: Called Strike 3-1: Foul Ball, location: 2F 3-2: Base on Balls
|
|
Pitching: RHP Kunihiro Sasaki
|
|
|
Batting: RHB Fernando Bravo
|
0-0: Ball 1-0: Ball Pat Fontana steals 2nd, throwing error, E2 Pat Fontana to third 2-0: Foul Ball, location: 2F 2-1: SINGLE (Groundball, 34D, EV 105.0 MPH) Pat Fontana scores
|
|
Batting: RHB Matt Berrier
|
0-0: DOUBLE (Line Drive, 78D, EV 106.2 MPH) Fernando Bravo to third Runner from 3rd tries for Home, SAFE, throw by LF to home
|
|
Batting: RHB Kevin Popowicz
|
0-0: Fly out, F8 (Flyball, 8RXD, EV 99.4 MPH)
|
| Top of the 8th over - 2 runs, 3 hits, 1 error, 1 left on base; Aberdeen 5 - Los Angeles (NYP) 1 |
| BOTTOM OF THE 8TH |
|
Los Angeles (NYP) Angels batting - Pitching for Aberdeen Ironbirds : RHP Joe Underhill
|
|
Batting: RHB Ron Major
|
0-0: Called Strike 0-1: Foul Ball, location: 2F 0-2: Foul Ball, location: 2F 0-2: Strikes out swinging, 2-3 out at first.
|
|
Batting: RHB Dan Myers
|
0-0: Ball 1-0: Called Strike 1-1: DOUBLE (Line Drive, 9LM, EV 94.4 MPH)
|
|
Batting: RHB Rory Cobb
|
0-0: Swinging Strike 0-1: Ball 1-1: Foul Ball, location: 2F 1-2: Strikes out swinging
|
|
Batting: RHB Kyle Gray
|
0-0: Ball 1-0: Foul Ball, location: 2F 1-1: Ground out 6-3 (Groundball, 56, EV 91.2 MPH)
|
| Bottom of the 8th over - 0 runs, 1 hit, 0 errors, 1 left on base; Aberdeen 5 - Los Angeles (NYP) 1 |
| TOP OF THE 9TH |
|
Aberdeen Ironbirds batting - Pitching for Los Angeles (NYP) Angels : RHP Kunihiro Sasaki
|
|
Batting: RHB Maup Gommers
|
0-0: Ball 1-0: Called Strike 1-1: Ground out 4-3 (Groundball, 4, EV 86.2 MPH)
|
|
Batting: LHB Sam Williams
|
0-0: Ball 1-0: SINGLE (Groundball, 6MD, EV 101.9 MPH)
|
|
Batting: LHB Jeremy Nuzzo
|
0-0: Called Strike Sam Williams is caught stealing 2nd base 2-6 0-1: Swinging Strike 0-2: Ball 1-2: Strikes out swinging
|
| Top of the 9th over - 0 runs, 1 hit, 0 errors, 0 left on base; Aberdeen 5 - Los Angeles (NYP) 1 |
| BOTTOM OF THE 9TH |
|
Los Angeles (NYP) Angels batting - Pitching for Aberdeen Ironbirds : RHP Joe Underhill
|
|
Batting: SHB Danny Gelinas
|
0-0: Ball 1-0: Ball 2-0: Ball 3-0: Called Strike 3-1: Base on Balls
|
|
Batting: RHB Dan Burkhart
|
0-0: Called Strike 0-1: Fly out, F8 (Flyball, 8RM, EV 81.2 MPH)
|
|
Batting: LHB Spencer Palmer
|
0-0: Called Strike 0-1: SINGLE (Groundball, 4MD, EV 103.1 MPH) Danny Gelinas to second
|
|
Pitching: LHP Ronnie Pickering
|
|
|
Batting: RHB David Rhodes
|
0-0: Called Strike 0-1: Ball 1-1: Called Strike 1-2: Fly out, F9 (Flyball, 9S, EV 85.6 MPH)
|
|
Pinch Hitting: RHB Sean Rocha
|
0-0: Called Strike 0-1: Swinging Strike 0-2: Ball 1-2: Strikes out swinging
|
| Bottom of the 9th over - 0 runs, 1 hit, 0 errors, 2 left on base; Aberdeen 5 - Los Angeles (NYP) 1 |
|